 Dungeon Crawl Stone Soup version 0.18-a0-1443-ge8f1551 (webtiles) character file.

184324 kroki the Severer (level 17, -7/156 HPs)
             Began as a Minotaur Abyssal Knight on Feb 29, 2016.
             Was the Champion of Lugonu.
             Hit by a javelin of returning thrown by a merfolk javelineer (11 damage)
             ... on level 4 of the Shoals.
             The game lasted 00:56:19 (50258 turns).

kroki the Severer (Minotaur Abyssal Knight)        Turns: 50258, Time: 00:56:19

Health: -7/156     AC: 33    Str: 21    XL:     17   Next: 39%
Magic:  35/35      EV: 15    Int: 13    God:    Lugonu [******]
Gold:   1386       SH: 20    Dex: 15    Spells: 1 memorised, 14 levels left

rFire  . . .     SeeInvis .     b - +4 demon trident (drain)
rCold  + . .     Gourm    .     J - +8 plate armour "Suor" {rC+ Int+4}
rNeg   . . .     Faith    .     Y - +0 shield
rPois  .         Spirit   .     (helmet restricted)
rElec  .         Dismiss  .     W - +2 cloak {+Inv}
rCorr  .         Reflect  +     f - +2 pair of gloves
SustAt .         Harm     .     w - +0 pair of boots
MR     ++...                    p - +6 amulet of reflection
Stlth  ..........               T - ring of magical power {MP+9}
                                I - ring of protection from magic {MR+, !d}

@: flying, very slightly contaminated, very resistant to hostile enchantments,
extremely unstealthy
A: retaliatory headbutt, horns 2, repulsion field 1, slow regeneration 1, strong
1
a: Depart the Abyss, Bend Space, Banish, Corrupt, Enter the Abyss, Brand Weapon
With Distortion, Renounce Religion, Evoke Invisibility
}: 1/15 runes: barnacled


You were on level 4 of the Shoals.
You worshipped Lugonu.
Lugonu was exalted by your worship.
You were not hungry.

You visited 5 branches of the dungeon, and saw 30 of its levels.
You visited the Abyss 1 time.
You also visited: Sewer, Bailey and Ice Cave.

You collected 2579 gold pieces.
You spent 1193 gold pieces at shops.

Inventory:

Hand Weapons
 b - a +4 demon trident of draining (weapon)
   (You found it on level 1 of the Shoals)
Missiles
 k - 13 javelins of penetration (quivered)
 m - 15 javelins of returning
 z - 5 javelins
 R - 8 throwing nets {=f, !d}
Armour
 f - a +2 pair of gloves (worn)
   (You found it on level 1 of the Dungeon)
 r - the cursed +0 plate armour "Ocsuliur" {Regen+}
   (You found it on level 2 of the Orcish Mines)

   It increases your rate of regeneration.
   It has a curse placed upon it.
 w - a +0 pair of boots (worn)
   (You found it on level 13 of the Dungeon)
 J - the +8 plate armour "Suor" (worn) {rC+ Int+4}
   (You bought it in a shop on level 2 of the Orcish Mines)

   It affects your intelligence (+4).
   It protects you from cold.
 W - a +2 cloak of invisibility (worn)
   (You took it off Maurice on level 13 of the Dungeon)
 Y - a +0 shield (worn)
   (You bought it in a shop on level 2 of the Orcish Mines)
Jewellery
 p - a +6 amulet of reflection (around neck)
   (You found it on level 2 of the Dungeon)
 q - an uncursed ring of resist corrosion
   (You found it on level 7 of the Lair of Beasts)
 I - a ring of protection from magic (left hand) {MR+, !d}
   (You found it on level 6 of the Dungeon)
 T - a ring of magical power (right hand) {MP+9}
   (You found it on level 3 of the Shoals)
Wands
 d - a wand of paralysis (11/24)
   (You found it on level 2 of the Shoals)
 h - a wand of paralysis (5/24)
   (You found it on level 3 of the Dungeon)
 H - a wand of hasting (1/9)
   (You found it on level 2 of the Lair of Beasts)
 P - a wand of digging (8/24)
   (You found it on level 2 of the Orcish Mines)
 S - a wand of teleportation (3/9)
   (You took it off Dowan on level 7 of the Dungeon)
Scrolls
 j - 3 scrolls of magic mapping {!r}
 n - 5 scrolls of immolation {!r}
 t - 18 scrolls of remove curse
 x - 5 scrolls of amnesia
 y - 5 scrolls of fear
 B - 5 scrolls of blinking {!r}
 C - 5 scrolls of enchant armour
 D - 5 scrolls of fog
 E - a scroll of recharging
 U - 6 scrolls of enchant weapon
 X - a scroll of identify
Potions
 a - 3 potions of cancellation
 e - 4 potions of heal wounds
 g - 14 potions of curing
 i - a potion of resistance
 l - 3 potions of flight
 o - 2 potions of haste
 s - a potion of invisibility
 u - 3 potions of might
 G - 3 potions of cure mutation {!q}
 N - a potion of brilliance
 O - a potion of agility
Miscellaneous
 v - a phial of floods
   (You found it on level 8 of the Lair of Beasts)
 A - a sack of spiders {used: 1}
   (You found it on level 3 of the Lair of Beasts)
 K - a fan of gales
   (You found it on level 2 of the Shoals)
 M - a stone of tremors
   (You found it on level 8 of the Lair of Beasts)
 Q - an ornate deck of summoning {Foxfire, drawn: 1}
   (You found it on level 5 of the Lair of Beasts)
Comestibles
 c - 5 bread rations {@e1}
 Z - 9 beef jerkies


   Skills:
 + Level 15.0 Fighting
   Level 16.2 Axes
 * Level 13.7 Armour
 + Level 12.1 Dodging
 - Level 15.5 Shields
 - Level 14.0 Invocations
 - Level 6.4 Evocations


You had 14 spell levels left.
You knew the following spells:

 Your Spells              Type           Power        Failure   Level  Hunger
d - Repel Missiles        Chrm/Air       #.....       100%        2    ###....


Dungeon Overview and Level Annotations

Branches:
Dungeon (15/15)            Temple (1/1) D:7            Lair (8/8) D:9
 Shoals (4/4) Lair:4       Spider (0/4) Lair:4        Slime (0/6) Lair:8
    Orc (2/2) D:10            Elf (0/3) Orc:2        Vaults (0/5) D:14
 Depths (0/5) D:15

Altars:
Ashenzari
Dithmenos
Gozag
Kikubaaqudgha
Makhleb
Qazlal
Ru
Sif Muna
Trog
Vehumet
Xom
Yredelemnul
The Shining One
Beogh
Lugonu

Shops:
D:12 %   Orc:2 %[*}

Portals:
Trove: D:13 (give wand of hasting (9))

Annotations:
Temple corrupted
Lair:6 exclusion: oklob plant
Lair:8 corrupted
Shoals:1 corrupted
Orc:2 corrupted


Innate Abilities, Weirdness & Mutations

You reflexively headbutt those who attack you in melee.
You have a pair of horns on your head.
You are surrounded by a mild repulsion field (EV +2).
You regenerate slowly when monsters are visible.
Your muscles are strong. (Str +2)


Message History

You block the merfolk javelineer's attack.
You block the sea snake's attack. The water nymph touches you.
The water nymph drowns you! You block the merfolk's attack.
The merfolk javelineer hits you from afar with a spear of piercing!
The sea snake barely misses you.
A fire bat comes into view.
You take 23 damage, and have 63/156 hp.
Unknown command.
The fire bat moves out of view.
The merfolk javelineer throws a javelin of returning.
You reflect the javelin of returning off an invisible shield around you!
The javelin of returning hits the merfolk javelineer!!
The weapon returns to the merfolk javelineer!
The sea snake barely misses you.
The water nymph points at you and mumbles some strange words.
The water swirls and strikes you! The merfolk barely misses you.
You take 12 damage, and have 51/156 hp.
Drink which item? (? for menu, Esc to quit)
You feel very buoyant.
You fly up into the air.
The merfolk javelineer throws a javelin of returning.
You reflect the javelin of returning off an invisible shield around you!
The javelin of returning closely misses the merfolk javelineer.
The weapon returns to the merfolk javelineer!
The sea snake bites you but does no damage.
The water nymph touches you. The water nymph drowns you!
* * * LOW HITPOINT WARNING * * *
You block the fire bat's attack. You block the merfolk's attack.
You take 10 damage, and have 41/156 hp.
You barely miss the merfolk javelineer.
Your headbutt misses the merfolk javelineer.
You block the fire bat's attack. You block the sea snake's attack.
The merfolk javelineer throws a javelin of returning.
The javelin of returning hits you but does no damage.
The weapon returns to the merfolk javelineer!
You block the water nymph's attack.
You completely miss the merfolk javelineer.
You block the fire bat's attack.
The merfolk hits you from afar with a trident of flaming.
* * * LOW HITPOINT WARNING * * *
The merfolk burns you.
* * * LOW HITPOINT WARNING * * *
You block the sea snake's attack.
The merfolk javelineer throws a javelin of returning.
The javelin of returning hits you!
* * * LOW HITPOINT WARNING * * *
The weapon returns to the merfolk javelineer!
A merfolk and a merfolk avatar come into view.
You take 20 damage, and have 21/156 hp.
Drink which item? (? for menu, Esc to quit)
You feel much better.
The merfolk avatar shouts!
You block the fire bat's attack. You block the water nymph's attack.
You block the sea snake's attack.
The merfolk avatar chants a haunting song.
You resist with some effort.
The merfolk hits you but does no damage.
The merfolk javelineer throws a javelin of returning.
The javelin of returning misses you.
The weapon returns to the merfolk javelineer!
The merfolk throws a steel javelin.
The steel javelin barely misses you.
You hear a splash.
You regained 18 hp, and now have 39/156 hp.
Read which item? (? for menu, Esc to quit)
Okay, then.
Read which item? (? for menu, Esc to quit)
Okay, then.
Okay, then.
Read which item? (? for menu, Esc to quit)
Charge which item? (? for menu, Esc to quit)
As you read the scroll of recharging, it crumbles to dust.
Your wand of teleportation (0/9) glows for a moment and now has 3 charges.
The sea snake bites you!
* * * LOW HITPOINT WARNING * * *
The water nymph points at you and mumbles some strange words.
The water rises up and strikes you!
* * * LOW HITPOINT WARNING * * *
You block the fire bat's attack. The merfolk misses you.
The merfolk javelineer throws a javelin of returning.
The javelin of returning misses you.
The weapon returns to the merfolk javelineer!
The merfolk throws a steel javelin.
The steel javelin hits you but does no damage.
You hear a splash.
A merfolk comes into view. It is wielding a trident of flaming.
You take 33 damage, and have 6/156 hp.
MASSIVE DAMAGE!!
Read which item? (? for menu, Esc to quit)
Really read
B - 6 scrolls of blinking {!r}?
Blink to where?
You are very lightly contaminated with residual magic.
As you read the scroll of blinking {!r}, it crumbles to dust.
Drink which item? (? for menu, Esc to quit)
You feel much better.
The water nymph gestures at you while chanting.
The water rises up and strikes you!
* * * LOW HITPOINT WARNING * * *
The merfolk javelineer throws a javelin of returning.
The javelin of returning hits you!
You die...

≈≈≈≈≈≈≈≈≈≈≈≈≈≈≈≈≈≈≈≈≈≈≈
≈≈≈≈≈≈≈≈!≈(≈≈≈≈m(?≈≈≈≈≈
≈≈≈≈≈≈≈≈≈≈≈≈≈≈≈≈≈≈≈≈≈≈≈
≈≈≈≈≈≈≈≈≈≈≈≈m≈≈m≈≈≈≈≈≈≈
≈≈≈≈≈≈≈≈≈≈≈^≈≈≈≈≈≈≈≈≈≈≈
≈≈≈≈((≈≈≈≈≈S≈≈≈≈≈≈≈≈≈≈≈
≈≈≈≈≈(≈≈(≈≈b≈≈≈≈≈≈#####
≈≈≈≈≈≈≈≈))))≈≈≈≈≈##
≈≈≈≈≈≈≈≈≈)(@(≈≈≈≈#
≈≈≈≈≈≈##+##≈≈≈≈≈≈# ≈≈≈≈≈#
##≈≈≈≈≈# ≈≈≈≈≈ #≈≈≈≈≈## ≈≈≈≈
#≈≈≈≈≈≈### ≈≈≈≈≈≈≈≈≈≈#
#≈≈≈≈≈≈≈≈≈ ≈≈≈≈≈≈≈≈≈≈##
##≈≈≈≈≈≈≈≈≈≈
≈≈≈≈≈≈≈≈≈≈≈#####.≈)≈≈≈≈≈.≈≈≈
≈≈≈≈≈≈≈≈≈≈≈≈≈≈...........≈≈≈


You could see a merfolk javelineer, a sea snake, a merfolk, a water nymph and a
fire bat.

Vanquished Creatures
  Jorgrun (Shoals:2)
  A kraken (Shoals:1)
  Kirke (Lair:7)
  Ilsuiw (Shoals:4)
  Nessos (D:14)
  Azrael (D:14)
  A dire elephant (D:15)
  3 merfolk javelineers
  5 merfolk impalers
  2 vault guards (D:14)
  A rakshasa (D:14)
  Harold (Orc:2)
  5 hydras
  2 merfolk avatars
  A catoblepas (Lair:6)
  A centaur warrior (D:14)
  A death knight (D:14)
  An alligator snapping turtle (Shoals:1)
  4 merfolk aquamancers
  An ogre mage (D:15)
  2 satyrs (Shoals:3)
  A tengu warrior (D:15)
  2 death yaks
  An unseen horror (D:13)
  6 sea snakes
  6 orc knights
  3 necromancers (D:14)
  5 hill giants
  A wolf spider (D:15)
  18 harpies
  A wizard (D:14)
  5 ugly things
  7 griffons
  3 cyclopes
  A water nymph (Shoals:2)
  A hornet (D:14)
  7 fauns
  A salamander (D:15)
  19 elephants
  3 orc sorcerers (Orc:2)
  11 manticores
  Joseph (D:7)
  7 sirens
  Maurice (D:13)
  13 black mambas
  2 ice statues (IceCv)
  5 centaur zombies
  27 spiny frogs
  A gargoyle (D:13)
  A freezing wraith (D:15)
  3 rime drakes
  A kobold demonologist (D:15)
  12 komodo dragons
  An efreet (D:14)
  2 yaktaurs (D:14)
  A tengu conjurer (D:14)
  A jumping spider (Lair:4)
  3 harpy zombies (Shoals:2)
  10 trolls
  7 two-headed ogres
  23 merfolk
  A wolf spider simulacrum (D:14)
  2 griffon zombies (Shoals:2)
  Prince Ribbit (D:5)
  A boulder beetle (Lair:8)
  26 blink frogs
  3 snapping turtles
  A harpy skeleton (D:15)
  4 slime creatures (D:15)
  8 water elementals
  A spriggan (D:7)
  5 shadows
  2 redbacks (Lair:4)
  77 yaks
  A yak (shapeshifter) (D:14)
  6 wyverns
  A wraith (D:12)
  Eustachio (D:6)
  Grum (D:9)
  10 hippogriffs
  5 hogs (Lair:7)
  5 fire elementals (D:14)
  17 humans (D:14)
  9 vampire mosquitoes
  A steam dragon (D:9)
  A hungry ghost (D:9)
  A redback simulacrum (D:14)
  6 basilisks
  A mottled dragon (D:14)
  8 wolves
  2 wargs (Orc:2)
  A soldier ant (D:14)
  14 water moccasins
  A porcupine (shapeshifter) (D:15)
  3 hell hounds (D:14)
  14 porcupines
  Duvessa (D:7)
  18 ice beasts
  4 sky beasts
  38 orc warriors
  4 black bears
  5 necrophages (Lair:2)
  An eye of draining (D:13)
  2 wasps
  21 ogres
  A phantom (D:11)
  12 crocodiles
  5 centaurs
  9 big kobolds
  A gnoll sergeant (D:5)
  44 giant frogs
  Dowan (D:7)
  5 jellies
  A wyvern zombie (D:9)
  4 scorpions
  A water moccasin skeleton (D:8)
  3 killer bees (D:14)
  5 wights (D:8)
  3 electric eels
  2 howler monkeys
  7 crimson imps
  A giant frog zombie (D:6)
  A centaur skeleton (D:5)
  27 orc priests
  2 giant frog skeletons
  8 hounds
  Crazy Yiuf (D:7)
  23 orc wizards
  16 iguanas
  Ijyb (D:2)
  11 worker ants
  24 sheep
  2 hound zombies (D:9)
  A hound skeleton (D:6)
  A howler monkey zombie (D:6)
  A worker ant zombie (D:11)
  Robin (D:2)
  21 adders
  5 gnolls (D:5)
  69 river rats
  3 shadow imps
  4 oozes
  2 adder zombies
  2 adder skeletons
  8 worms
  2 dart slugs (D:2)
  4 giant geckos
  143 orcs
  4 ball pythons
  A bat zombie (D:3)
  3 giant cockroaches
  15 goblins
  9 hobgoblins
  3 jackals
  A quokka (D:11)
  18 bats
  6 giant newts
  18 kobolds
  2 quokka skeletons
  A quokka zombie (D:6)
  24 rats
  A rat zombie (D:3)
  A spectral orc (D:5)
  A bush (D:15)
  17 fungi
  6 plants
  3 tentacles (Shoals:1)
1218 creatures vanquished.

Vanquished Creatures (collateral kills)
  Agnes (D:15)
  Maud (Orc:2)
  Snorg (Lair:7)
  A hydra (Lair:5)
  4 death yaks (Lair:4)
  2 blink frogs (Lair:7)
  4 yaks (Lair:7)
  A basilisk (Lair:7)
  A crocodile (Lair:5)
  A giant frog (D:9)
  2 orcs (D:9)
  2 fungi (Lair:7)
21 creatures vanquished.

Vanquished Creatures (others)
  An orc warlord (Orc:2)
  A slime creature (D:14)
  A merfolk javelineer (Shoals:4)
  A merfolk impaler (Shoals:1)
  The ghost of psellion the Orcish Catastrophe, a journeyman HOFi of Qazlal (Bailey)
  2 hydras (Lair:8)
  2 merfolk avatars (Shoals:1)
  3 centaur warriors (D:14)
  4 orc high priests (Orc:2)
  A satyr (Shoals:4)
  3 sea snakes (Shoals:1)
  2 orc knights (Orc:2)
  A hill giant (D:11)
  3 fauns
  7 manticores
  A water nymph (Shoals:1)
  2 cyclopes (D:15)
  2 sirens (Shoals:1)
  A spiny frog (Lair:8)
  A rime drake (Lair:8)
  5 merfolk (Shoals:1)
  A boulder beetle (Lair:8)
  8 wyverns (Lair:8)
  2 water elementals
  A hungry ghost (D:9)
  A human (D:14)
  3 basilisks (Lair:8)
  A vampire mosquito (D:14)
  3 hippogriffs (Lair:8)
  A water moccasin (Lair:8)
  A hell hound (Lair:8)
  13 orc warriors (Orc:2)
  A boggart (D:14)
  16 centaurs
  A giant frog (Lair:8)
  2 electric eels
  8 orc priests (Orc:2)
  4 orc wizards (Orc:2)
  16 orcs (Orc:2)
  A kobold (D:10)
  10 bushes
  57 fungi
  51 plants
  27 starspawn tentacles
  373 starspawn tentacle segments
  11 tentacles (Shoals:1)
  98 tentacle segments (Shoals:1)
756 creatures vanquished.

Grand Total: 1995 creatures vanquished

Notes
Turn   | Place    | Note
--------------------------------------------------------------
     0 | Abyss:1  | kroki the Minotaur Abyssal Knight began the quest for the Orb.
     0 | Abyss:1  | Reached XP level 1. HP: 19/19 MP: 1/1
    37 | Abyss:1  | Found a corrupted altar of Lugonu.
    38 | Abyss:1  | Noticed a neqoxec
    39 | Abyss:1  | Noticed a starcursed mass
    40 | D:1      | Escaped the Abyss
   404 | D:1      | Reached skill level 3 in Axes
   410 | D:1      | Reached * piety under Lugonu
   428 | D:1      | Reached XP level 2. HP: 27/27 MP: 2/2
   797 | D:1      | Reached skill level 4 in Fighting
   938 | D:2      | Noticed Robin
   946 | D:2      | Killed Robin
   946 | D:2      | Reached XP level 3. HP: 33/33 MP: 3/3
   947 | D:2      | Reached skill level 4 in Axes
  1191 | D:2      | Found a shimmering altar of Xom.
  1377 | D:2      | Reached ** piety under Lugonu
  1381 | D:2      | Noticed Ijyb
  1419 | D:2      | Killed Ijyb
  1419 | D:2      | Reached XP level 4. HP: 32/41 MP: 4/4
  1617 | D:2      | Reached skill level 5 in Fighting
  2037 | D:2      | Reached skill level 5 in Axes
  2096 | D:2      | Reached XP level 5. HP: 48/48 MP: 5/5
  2301 | D:2      | Found a deep blue altar of Sif Muna.
  2465 | D:3      | Reached skill level 6 in Axes
  2510 | D:3      | Reached *** piety under Lugonu
  2606 | D:3      | Found an ancient bone altar of Kikubaaqudgha.
  2716 | D:3      | Found a glowing drain.
  2732 | Sewer    | Entered a sewer
  2892 | Sewer    | Reached skill level 2 in Invocations
  2892 | Sewer    | Reached XP level 6. HP: 57/57 MP: 5/7
  3120 | Sewer    | Reached skill level 3 in Invocations
  3320 | Sewer    | Reached skill level 4 in Invocations
  3506 | Sewer    | Reached XP level 7. HP: 60/62 MP: 9/9
  3523 | Sewer    | Reached skill level 5 in Invocations
  3727 | Sewer    | Reached skill level 6 in Invocations
  4508 | D:4      | Found a sacrificial altar of Ru.
  4797 | D:4      | Reached skill level 3 in Armour
  4896 | D:4      | Reached skill level 6 in Fighting
  4896 | D:4      | Reached XP level 8. HP: 45/70 MP: 11/11
  4911 | D:4      | Reached **** piety under Lugonu
  5087 | D:4      | Reached skill level 7 in Axes
  5654 | D:5      | Entered Level 5 of the Dungeon
  5705 | D:5      | Found a bloodstained altar of Trog.
  5763 | D:5      | Found a burning altar of Makhleb.
  5845 | D:5      | Reached skill level 4 in Armour
  5961 | D:5      | Noticed Prince Ribbit
  5972 | D:5      | Killed Prince Ribbit
  5972 | D:5      | Reached skill level 2 in Evocations
  6226 | D:5      | Reached skill level 3 in Evocations
  6371 | D:5      | Reached skill level 4 in Evocations
  6882 | D:5      | Found a basalt altar of Yredelemnul.
  7120 | D:6      | Noticed Eustachio
  7124 | D:6      | Reached skill level 5 in Evocations
  7133 | D:6      | Reached XP level 9. HP: 73/78 MP: 12/12
  7163 | D:6      | Killed Eustachio
  7251 | D:6      | Reached skill level 2 in Shields
  7571 | D:6      | Reached skill level 3 in Shields
  7577 | D:6      | Gained mutation: You regenerate slowly when monsters are visible. [potion of mutation]
  7577 | D:6      | Gained mutation: Your muscles are strong. (Str +2) [potion of mutation]
  7577 | D:6      | Gained mutation: You are surrounded by a mild repulsion field (EV +2). [potion of mutation]
  7734 | D:6      | Reached skill level 4 in Shields
  8000 | D:7      | Reached skill level 5 in Shields
  8134 | D:7      | Reached skill level 6 in Shields
  8371 | D:7      | Noticed Joseph
  8383 | D:7      | Killed Joseph
  8383 | D:7      | Reached skill level 7 in Shields
  8390 | D:7      | Reached skill level 8 in Shields
  8417 | D:7      | Reached ***** piety under Lugonu
  8455 | D:7      | Noticed Duvessa
  8464 | D:7      | Killed Duvessa
  8468 | D:7      | Noticed Dowan
  8478 | D:7      | Killed Dowan
  8544 | D:7      | Found a staircase to the Ecumenical Temple.
  8571 | Temple   | Entered the Ecumenical Temple
  8576 | Temple   | Reached skill level 8 in Axes
  8598 | Temple   | Corrupted Temple
  8598 | Temple   | Noticed a yellow draconian annihilator
  8598 | Temple   | Noticed a large abomination
  8598 | Temple   | Noticed a starcursed mass
  8598 | Temple   | Noticed a tentacled starspawn
  8598 | Temple   | Noticed a necromancer
  8598 | Temple   | Noticed a large abomination
  8598 | Temple   | Noticed a rust devil
  8598 | Temple   | Noticed a tentacled starspawn
  8598 | Temple   | Noticed a smoke demon
  8598 | Temple   | Noticed a hellwing
  8600 | Temple   | Noticed a smoke demon
  8688 | Temple   | Noticed a kobold demonologist
  8778 | D:7      | Reached XP level 10. HP: 79/84 MP: 13/13
  8941 | D:7      | Reached skill level 7 in Fighting
  8985 | D:7      | You fall through a shaft for 2 floors!
  9000 | D:9      | Found a flagged portal.
  9014 | Bailey   | Entered a bailey
  9014 | Bailey   | Noticed psellion's ghost (journeyman HOFi)
  9025 | Bailey   | Reached skill level 5 in Armour
  9038 | Bailey   | Banished psellion's ghost
  9038 | Bailey   | Reached skill level 9 in Axes
 10229 | Bailey   | Reached skill level 6 in Armour
 10271 | Bailey   | Reached skill level 8 in Fighting
 10271 | Bailey   | Reached skill level 10 in Axes
 10725 | D:9      | You fall through a shaft for 3 floors!
 10738 | D:11     | Noticed a hill giant
 10738 | D:11     | Noticed a cyclops
 10895 | D:11     | Banished a hill giant
 11010 | D:11     | Reached skill level 7 in Armour
 11114 | D:11     | Noticed a hill giant
 11129 | D:11     | Killed a hill giant
 11129 | D:11     | Reached skill level 11 in Axes
 11308 | D:11     | Reached XP level 11. HP: 90/95 MP: 14/14
 11372 | D:10     | Entered Level 10 of the Dungeon
 11732 | D:10     | Found a runed door.
 11759 | D:10     | Found a staircase to the Orcish Mines.
 11835 | D:10     | Noticed a hill giant
 11845 | D:10     | Killed a hill giant
 11845 | D:10     | Reached skill level 9 in Fighting
 12500 | D:9      | Reached skill level 8 in Armour
 12640 | D:9      | Paralysed by a wasp for 2 turns
 12645 | D:9      | Reached skill level 12 in Axes
 12708 | D:9      | Noticed Grum
 12724 | D:9      | Killed Grum
 13211 | D:9      | Found a staircase to the Lair.
 13323 | D:9      | Reached skill level 10 in Fighting
 13615 | D:8      | Reached skill level 13 in Axes
 13838 | D:8      | Gained mutation: You are agile. (Dex +2) [potion of beneficial mutation]
 13839 | D:8      | Gained mutation: You are very agile. (Dex +4) [potion of beneficial mutation]
 14146 | D:8      | Reached skill level 9 in Armour
 14521 | D:8      | Found a shattered altar of Ashenzari.
 14698 | D:7      | Noticed Crazy Yiuf
 14706 | D:7      | Killed Crazy Yiuf
 14985 | Lair:1   | Entered Level 1 of the Lair of Beasts
 15255 | Lair:1   | Learned a level 2 spell: Repel Missiles
 15707 | Lair:1   | Reached XP level 12. HP: 108/108 MP: 15/15
 16403 | Lair:1   | Reached ****** piety under Lugonu
 17237 | Lair:2   | Reached skill level 14 in Axes
 17484 | Lair:3   | Reached skill level 11 in Fighting
 17497 | Lair:3   | Reached skill level 10 in Armour
 18406 | Lair:3   | Reached skill level 15 in Axes
 19167 | Lair:3   | Reached skill level 11 in Armour
 19440 | Lair:4   | Found a staircase to the Shoals.
 19506 | Lair:4   | Reached skill level 12 in Fighting
 19623 | Lair:4   | Found a hole to the Spider Nest.
 20186 | Lair:4   | Reached XP level 13. HP: 118/118 MP: 16/16
 21351 | Lair:4   | Reached skill level 16 in Axes
 21955 | Lair:5   | HP: 25/119 [seven-headed hydra (11)]
 22392 | Lair:5   | Reached skill level 7 in Invocations
 23084 | Lair:5   | Reached skill level 8 in Invocations
 23593 | Lair:6   | Found a frozen archway.
 23603 | Lair:6   | HP: 27/119 [ice beast (10)]
 23629 | Lair:6   | Reached skill level 9 in Invocations
 23638 | IceCv    | Entered an ice cave
 23650 | IceCv    | HP: 22/119 [ice beast (10)]
 24476 | Lair:6   | Reached skill level 10 in Invocations
 26035 | Lair:7   | Noticed Snorg
 26054 | Lair:7   | Reached skill level 11 in Invocations
 26061 | Lair:7   | Reached XP level 14. HP: 58/127 MP: 21/21
 26064 | Lair:7   | Killed Snorg
 26719 | Lair:7   | Reached skill level 12 in Invocations
 27077 | Lair:7   | Noticed Kirke
 27096 | Lair:7   | Killed Kirke
 27620 | Lair:8   | Entered Level 8 of the Lair of Beasts
 28099 | Lair:8   | Reached skill level 13 in Invocations
 28180 | Lair:8   | HP: 25/127 [boulder beetle (18)]
 28328 | Lair:8   | HP: 28/127 [water moccasin (6)]
 28333 | Lair:8   | HP: 26/127 [water moccasin (1)]
 28849 | Lair:8   | HP: 31/127 [elephant (12)]
 28857 | Lair:8   | HP: 29/127 [elephant (1)]
 28872 | Lair:8   | HP: 24/127 [yak (6)]
 28877 | Lair:8   | HP: 22/127 [yak (2)]
 28888 | Lair:8   | HP: 19/127 [elephant (4)]
 29309 | Lair:8   | Reached skill level 14 in Invocations
 29576 | Lair:8   | Reached skill level 2 in Dodging
 30039 | Lair:8   | Reached skill level 3 in Dodging
 30045 | Lair:8   | Corrupted Lair:8
 30045 | Lair:8   | Noticed a tentacled starspawn
 30045 | Lair:8   | Noticed a bone dragon
 30045 | Lair:8   | Noticed a bone dragon
 30045 | Lair:8   | Noticed a starcursed mass
 30046 | Lair:8   | Noticed a starcursed mass
 30215 | Lair:8   | Reached skill level 13 in Fighting
 30219 | Lair:8   | HP: 32/129 [elephant (1)]
 30245 | Lair:8   | HP: 25/129 [blink frog (10)]
 31047 | Lair:8   | Reached skill level 4 in Dodging
 31607 | Lair:8   | Got a crude great mace
 31613 | Lair:8   | Identified the +7 great mace of Ythrixo {pain, Dex+6} (You found it on level 8 of the Lair of Beasts)
 31633 | Lair:8   | Got a twitching golden ring
 31635 | Lair:8   | Identified the ring of Osoiwnic {rN+ Stlth-} (You found it on level 8 of the Lair of Beasts)
 32041 | Lair:8   | Found a staircase to the Slime Pits.
 32441 | Orc:1    | Entered Level 1 of the Orcish Mines
 32465 | Orc:1    | Reached XP level 15. HP: 136/136 MP: 24/24
 32551 | Orc:1    | Reached skill level 5 in Dodging
 32697 | Orc:2    | Entered Level 2 of the Orcish Mines
 32951 | Orc:1    | Noticed Harold
 32982 | Orc:2    | Killed Harold
 33382 | Orc:2    | Noticed Maud
 33395 | Orc:2    | Killed Maud
 33674 | Orc:1    | Reached skill level 6 in Dodging
 34157 | Orc:2    | Reached skill level 14 in Fighting
 34787 | Orc:2    | Found Emaaguem's Food Emporium.
 34820 | Orc:2    | Found a roughly hewn altar of Beogh.
 35073 | Orc:2    | Found Orchai's Antique Armour Shoppe.
 35201 | Orc:2    | Bought a shield for 162 gold pieces
 35201 | Orc:2    | Bought a scorched plate armour for 1008 gold pieces
 35223 | Orc:2    | Identified the +8 plate armour "Suor" {rC+ Int+4} (You bought it in a shop on level 2 of the Orcish Mines)
 35312 | Orc:2    | Noticed an orc warlord
 35321 | Orc:2    | Banished an orc warlord
 35353 | Orc:2    | Found a roughly hewn altar of Beogh.
 35355 | Orc:2    | Corrupted Orc:2
 35355 | Orc:2    | Noticed a tentacled starspawn
 35355 | Orc:2    | Noticed a bone dragon
 35647 | Orc:2    | Found Deruggutz's Assorted Antiques.
 35665 | Orc:2    | Bought a silvery potion for 23 gold pieces
 35775 | Orc:2    | Found Kyox's Gadget Boutique.
 35903 | Orc:2    | Found a staircase to the Elven Halls.
 35994 | Orc:2    | Reached skill level 9 in Shields
 36004 | Orc:2    | HP: 29/138 [orc priest/nerve-wracking pain (8)]
 36011 | Orc:2    | Got an encrusted plate armour
 36012 | Orc:2    | Identified the cursed +0 plate armour "Ocsuliur" {Regen+} (You found it on level 2 of the Orcish Mines)
 36844 | D:10     | Found a roughly hewn altar of Beogh.
 36880 | D:10     | Reached skill level 7 in Dodging
 37636 | D:12     | Found Sulese's Food Shop.
 38466 | D:13     | Reached skill level 10 in Shields
 38713 | D:13     | Noticed Maurice
 38725 | D:13     | Killed Maurice
 38858 | D:13     | Reached skill level 8 in Dodging
 38927 | D:13     | Found a portal to a secret trove of treasure.
 39446 | D:14     | Noticed Nessos
 39453 | D:14     | Killed Nessos
 39476 | D:14     | Reached skill level 11 in Shields
 39938 | D:14     | Noticed Azrael
 39947 | D:14     | Killed Azrael
 40358 | D:14     | Reached skill level 12 in Shields
 40675 | D:14     | Reached skill level 9 in Dodging
 41626 | D:14     | Reached XP level 16. HP: 146/146 MP: 25/25
 41735 | D:14     | Found a gate to the Vaults.
 41746 | D:14     | Reached skill level 13 in Shields
 42004 | D:15     | Entered Level 15 of the Dungeon
 42030 | D:15     | Noticed Agnes
 42038 | D:15     | Killed Agnes
 42195 | D:15     | Reached skill level 6 in Evocations
 42852 | D:15     | Reached skill level 10 in Dodging
 42924 | D:15     | Found a glowing golden altar of the Shining One.
 43524 | D:15     | Found a staircase to the Depths.
 43547 | D:15     | Reached skill level 14 in Shields
 43978 | Shoals:1 | Entered Level 1 of the Shoals
 44030 | Shoals:1 | HP: 35/146 [drowned by a drowned soul[a merfolk avatar] (17)]
 44050 | Shoals:1 | Corrupted Shoals:1
 44050 | Shoals:1 | Noticed a tentacled starspawn
 44052 | Shoals:1 | Noticed a lich
 44053 | Shoals:1 | Noticed a tentacled starspawn
 44054 | Shoals:1 | Noticed a tentacled starspawn
 44054 | Shoals:1 | HP: 35/146 [merfolk impaler/demon trident of freezing (8)]
 44851 | Shoals:1 | Noticed a kraken
 44868 | Shoals:1 | Killed a kraken
 45133 | Shoals:2 | Noticed Jorgrun
 45143 | Shoals:2 | Killed Jorgrun
 45161 | Shoals:2 | Reached skill level 15 in Shields
 45792 | Shoals:2 | Reached skill level 11 in Dodging
 45939 | Shoals:2 | HP: 36/146 [poisoned by a sea snake]
 45944 | Shoals:2 | HP: 30/146 [poisoned by a sea snake]
 45949 | Shoals:2 | HP: 25/146 [poisoned by a sea snake]
 45954 | Shoals:2 | HP: 23/146 [poisoned by a sea snake]
 45959 | Shoals:2 | HP: 22/146 [poisoned by a sea snake]
 45964 | Shoals:2 | HP: 21/146 [poisoned by a sea snake]
 45971 | Shoals:2 | HP: 22/146 [poisoned by a sea snake]
 45979 | Shoals:2 | HP: 22/146 [poisoned by a sea snake]
 46971 | Shoals:2 | Reached skill level 12 in Armour
 48055 | Shoals:3 | Reached XP level 17. HP: 111/154 MP: 26/26
 49291 | Shoals:4 | Entered Level 4 of the Shoals
 49301 | Shoals:4 | Reached skill level 13 in Armour
 49555 | Shoals:4 | Gained mutation: Armour fits poorly on your strangely shaped body. [potion of mutation]
 49556 | Shoals:4 | Lost mutation: You are very agile. (Dex +4) [potion of cure mutation]
 49556 | Shoals:4 | Lost mutation: You are agile. (Dex +2) [potion of cure mutation]
 49556 | Shoals:4 | Lost mutation: Armour fits poorly on your strangely shaped body. [potion of cure mutation]
 49561 | Shoals:4 | Noticed Ilsuiw
 49581 | Shoals:4 | Killed Ilsuiw
 49785 | Shoals:4 | Reached skill level 12 in Dodging
 50135 | Shoals:4 | Got a barnacled rune of Zot
 50168 | Shoals:4 | Reached skill level 15 in Fighting
 50254 | Shoals:4 | HP: 37/156 [merfolk/trident of flaming (4)]
 50256 | Shoals:4 | HP: 6/156 [water nymph/the raging water (26)]
 50258 | Shoals:4 | Hit by a javelin of returning thrown by a merfolk javelineer

Vault maps used:
D:1:      dpeg_arrival_pond, minivault_14
D:2:      kennysheep_six_static_rooms, xom_teletrap_fun, lemuel_blue_sif_altar,
          first_bread, kennysheep_generic_room_2, uniq_iyjb, uniq_robin
D:3:      lemuel_zombie_altar_kikubaaqudgha, portal_sewer_entry_d
D:4:      nicolae_ru_awakened_eye
D:5:      kennysheep_big_flooded_room, makhleb_heckhound_becter, bloody_trog,
          yredelemnul_forgotten_temple_becter, serial_bayou,
          serial_bayou_pond_e, serial_bayou_pond_e, serial_bayou_pond_e,
          serial_bayou_crossing, serial_bayou_shore_b, dk_rats_in_the_wall,
          uniq_prince_ribbit1
D:6:      uniq_eustachio
D:7:      temple_pool_b, the_bakery, uniq_crazy_yiuf_cottage, uniq_joseph,
          uniq_duvessa
D:8:      kennysheep_mini_moat
D:9:      grunt_lair_entry_orc_guard_hut, enter_bailey_2, uniq_grum
D:10:     orc_0_dummy, lightli_church_of_beogh
D:11:     grunt_decor_cap
D:12:     serial_shops, nicolae_shop_trees
D:13:     enter_trove_0, uniq_maurice
D:14:     minmay_crescents, grunt_vaults_entry_tiered, serial_park_tiny_pond,
          uniq_nessos, uniq_azrael
D:15:     hangedman_depths_entry_try_elsewhere_first, minmay_hedge_maze,
          nicolae_tso_swordbearing_angel, uniq_agnes
Temple:   temple_eino_lava_12
Lair:2:   roderic_carrion_pond
Lair:3:   beast_lair_carwin_6
Lair:4:   minmay_shoals_entry_centaurs, spider_nest_entry_a, grunt_megastairs_5,
          serial_bayou_shore_a
Lair:6:   portal_ice_cave_entry_ice_beasts, minmay_lair_oklob_bushes
Lair:7:   grunt_megastairs_2, infiniplex_staircase_pool_2, uniq_snorg,
          uniq_kirke
Lair:8:   minmay_lair_end_frog_pond, dpeg_slime_entry_corner, special_room,
          st_stairs_5
Shoals:1: nicolae_shoals_seven_spires
Shoals:2: nicolae_shoals_undead_eyrie, uniq_jorgrun
Shoals:3: nicolae_shoals_arrival_archipelago
Shoals:4: shoals_end_simple, shoal_ilsuiw, serial_shops,
          nicolae_shop_statue_plus, hangedman_shoal_volcano
Orc:1:    uniq_harold
Orc:2:    pubby_orc_utopia, uniq_maud
Abyss:1:  minivault_23, minivault_25_ag
Sewer:    sewer_co_tree
Bailey:   bailey_polearm_flooded_kennysheep, bailey
IceCv:    ice_cave_statue_garden_01

Skill      XL: |  1  2  3  4  5  6  7  8  9 10 11 12 13 14 15 16 17 |
---------------+----------------------------------------------------+-----
Axes           | 3 4 5 6 7 8 11 13 15 16 | 16.2
Fighting       | 4 5 6 8 10 12 13 14 15 | 15.0
Invocations    | 2 4 6 11 14 | 14.0
Armour         | 3 4 7 9 11 12 13 | 13.7
Evocations     | 5 6 |  6.4
Shields        | 8 12 15 | 15.5
Dodging        | 4 9 11 12 | 12.1

Action                   |  1- 3 |  4- 6 |  7- 9 | 10-12 | 13-15 | 16-18 || total
-------------------------+-------+-------+-------+-------+-------+-------++-------
Melee: Hand axe          |    69 |   228 |   124 |       |       |       ||   421
       War axe           |       |       |   327 |  1050 |  1088 |       ||  2465
       Great mace        |       |       |       |       |    33 |       ||    33
       Eveningstar       |       |       |       |       |   623 |   367 ||   990
       Demon trident     |       |       |       |       |       |   559 ||   559
Throw: Javelin           |       |       |       |     9 |       |    28 ||    37
Invok: Depart the Abyss  |     1 |       |       |       |       |       ||     1
       Corrupt           |       |       |     1 |       |     2 |     1 ||     4
       Bend Space        |       |       |       |     4 |       |       ||     4
       Banish            |       |       |       |     3 |    12 |       ||    15
Evoke: Wand              |       |       |    16 |    23 |     8 |     4 ||    51
       Box of beasts     |       |       |       |       |    12 |     1 ||    13
       Sack of spiders   |       |       |       |       |     2 |       ||     2
       Deck              |       |       |       |       |       |     1 ||     1
       Phial of floods   |       |       |       |       |       |     1 ||     1
  Use: Scroll            |     5 |     6 |    13 |    10 |    15 |     9 ||    58
       Potion            |     1 |       |     1 |     2 |     7 |    12 ||    23
 Stab: Paralysed         |       |       |    29 |    54 |     3 |     5 ||    91
       Distracted        |       |       |       |       |     2 |       ||     2
       Invisible         |       |       |       |       |       |     5 ||     5
  Eat: Chunk             |     2 |       |     2 |    14 |    12 |     2 ||    32
       Meat ration       |       |     2 |     1 |     3 |     4 |     5 ||    15
       Bread ration      |       |       |     2 |     4 |    10 |       ||    16
       Beef jerky        |       |       |       |     2 |       |       ||     2
       Pizza             |       |       |       |     1 |       |     1 ||     2
       Fruit             |       |       |       |       |     6 |     3 ||     9

Vault maps used:
D:1:      dpeg_arrival_pond, minivault_14
D:2:      kennysheep_six_static_rooms, xom_teletrap_fun, lemuel_blue_sif_altar,
          first_bread, kennysheep_generic_room_2, uniq_iyjb, uniq_robin
D:3:      lemuel_zombie_altar_kikubaaqudgha, portal_sewer_entry_d
D:4:      nicolae_ru_awakened_eye
D:5:      kennysheep_big_flooded_room, makhleb_heckhound_becter, bloody_trog,
          yredelemnul_forgotten_temple_becter, serial_bayou,
          serial_bayou_pond_e, serial_bayou_pond_e, serial_bayou_pond_e,
          serial_bayou_crossing, serial_bayou_shore_b, dk_rats_in_the_wall,
          uniq_prince_ribbit1
D:6:      uniq_eustachio
D:7:      temple_pool_b, the_bakery, uniq_crazy_yiuf_cottage, uniq_joseph,
          uniq_duvessa
D:8:      kennysheep_mini_moat
D:9:      grunt_lair_entry_orc_guard_hut, enter_bailey_2, uniq_grum
D:10:     orc_0_dummy, lightli_church_of_beogh
D:11:     grunt_decor_cap
D:12:     serial_shops, nicolae_shop_trees
D:13:     enter_trove_0, uniq_maurice
D:14:     minmay_crescents, grunt_vaults_entry_tiered, serial_park_tiny_pond,
          uniq_nessos, uniq_azrael
D:15:     hangedman_depths_entry_try_elsewhere_first, minmay_hedge_maze,
          nicolae_tso_swordbearing_angel, uniq_agnes
Temple:   temple_eino_lava_12
Lair:2:   roderic_carrion_pond
Lair:3:   beast_lair_carwin_6
Lair:4:   minmay_shoals_entry_centaurs, spider_nest_entry_a, grunt_megastairs_5,
          serial_bayou_shore_a
Lair:6:   portal_ice_cave_entry_ice_beasts, minmay_lair_oklob_bushes
Lair:7:   grunt_megastairs_2, infiniplex_staircase_pool_2, uniq_snorg,
          uniq_kirke
Lair:8:   minmay_lair_end_frog_pond, dpeg_slime_entry_corner, special_room,
          st_stairs_5
Shoals:1: nicolae_shoals_seven_spires
Shoals:2: nicolae_shoals_undead_eyrie, uniq_jorgrun
Shoals:3: nicolae_shoals_arrival_archipelago
Shoals:4: shoals_end_simple, shoal_ilsuiw, serial_shops,
          nicolae_shop_statue_plus, hangedman_shoal_volcano
Orc:1:    uniq_harold
Orc:2:    pubby_orc_utopia, uniq_maud
Abyss:1:  minivault_23, minivault_25_ag
Sewer:    sewer_co_tree
Bailey:   bailey_polearm_flooded_kennysheep, bailey
IceCv:    ice_cave_statue_garden_01

Table legend:
 A = Turns spent in this place as a percentage of turns spent in the entire game.
 B = Non-inter-level travel turns spent in this place as a percentage of non-inter-level travel turns spent in the entire game.
 C = Inter-level travel turns spent in this place as a percentage of turns spent in this place.
 D = Turns resting spent in this place as a percentage of non-inter-level travel turns spent in this place.
 E = Turns spent auto-exploring this place as a percentage of non-inter-level travel turns spent in this place.
 F = Non-inter-level travel turns spent in this place divided by the number of levels of this place that you've seen.
                   A       B       C       D       E      F
               +-------+-------+-------+-------+-------+----------------------
         Total | 100.0 | 100.0 |   0.3 |   0.8 |   8.2 | 637.5
       Dungeon |  38.0 |  38.0 |   0.3 |   0.4 |  11.4 | 549.1
        Temple |   0.8 |   0.8 |   0.0 |   0.0 |   0.0 | 166.0
          Lair |  33.6 |  33.6 |   0.2 |   0.8 |   5.8 | 909.2
        Shoals |  12.1 |  12.1 |   0.2 |   1.8 |   5.9 | 655.2
  Orcish Mines |   8.5 |   8.5 |   0.5 |   0.8 |   9.8 | 923.0
         Abyss |   0.2 |   0.2 |   0.0 |   0.0 |   0.0 |  48.0
         Sewer |   2.7 |   2.7 |   0.0 |   0.7 |   5.1 | 589.0
        Bailey |   3.7 |   3.7 |   0.0 |   1.4 |   2.6 | 807.0
      Ice Cave |   0.4 |   0.4 |   0.0 |   3.5 |  20.9 |  86.0
               +-------+-------+-------+-------+-------+----------------------

Table legend:
 A = Kills in this place as a percentage of kills in entire the game.
 B = Kills by you in this place as a percentage of kills by you in the entire game.
 C = Kills by friends in this place as a percentage of kills by friends in the entire game.
 D = Other kills in this place as a percentage of other kills in the entire game.
 E = Experience gained in this place as a percentage of experience gained in the entire game.
 F = Experience gained in this place divided by the number of levels of this place that you have seen.
                   A       B       C       D       E      F
               +-------+-------+-------+-------+-------+----------------------
         Total | 100.0 | 100.0 | 100.0 | 100.0 | 100.0 | 7198.5
       Dungeon |  40.7 |  40.7 |  21.1 |  47.9 |  30.6 | 4996.7
        Temple |   0.1 |   0.1 |   0.0 |   0.0 |   0.0 |  90.0
          Lair |  31.8 |  31.8 |  73.7 |  14.6 |  33.0 | 10110.1
        Shoals |   9.7 |   9.4 |   0.0 |  20.8 |  27.6 | 16899.8
  Orcish Mines |  11.8 |  12.0 |   5.3 |   8.3 |   6.5 | 7968.0
         Sewer |   2.2 |   2.4 |   0.0 |   0.0 |   0.3 | 763.0
        Bailey |   3.0 |   2.9 |   0.0 |   8.3 |   1.1 | 2724.0
      Ice Cave |   0.7 |   0.8 |   0.0 |   0.0 |   0.7 | 1805.0
               +-------+-------+-------+-------+-------+----------------------
